 Dungeon Crawl Stone Soup version 0.18-a0-1343-g48c8f86 (webtiles) character file.

439 Duffy the Covert (level 6, -2/28 HPs)
             Began as a Spriggan Enchanter on Feb 16, 2016.
             Slain by an elephant (13 damage)
             ... on level 8 of the Dungeon.
             The game lasted 00:03:41 (2048 turns).

Duffy the Covert (Spriggan Enchanter)               Turns: 2048, Time: 00:03:41

Health: -2/28      AC:  3    Str:  6    XL:     6   Next: 70%
Magic:  11/11      EV: 18    Int: 17    God:
Gold:   170        SH:  0    Dex: 18    Spells: 4 memorised, 1 level left

rFire  . . .     SeeInvis +     a - +1 dagger
rCold  . . .     Gourm    .     b - +1 robe
rNeg   . . .     Faith    .     (shield restricted)
rPois  .         Spirit   .     (helmet restricted)
rElec  .         Dismiss  .     (no cloak)
rCorr  .         Reflect  .     (gloves unavailable)
SustAt .         Harm     .     (boots unavailable)
MR     +....                    (no amulet)
Stlth  +++++.....               i - ring of flight
                                f - +2 ring of strength

@: very quick, somewhat resistant to hostile enchantments, quite stealthy
A: unfitting armour, see invisible, herbivore 3, speed 3, slow metabolism 2
a: Evoke Flight


You were on level 8 of the Dungeon.
You were not hungry.

You visited 1 branch of the dungeon, and saw 8 of its levels.

You collected 170 gold pieces.


Innate Abilities, Weirdness & Mutations

You are tiny and cannot use many weapons and most armour.
You have supernaturally acute eyesight.
You are an herbivore.
You cover ground extremely quickly.
You need consume almost no food.


   Skills:
 + Level 5.4 Short Blades
 - Level 3.0 Dodging
 + Level 8.9 Stealth
 - Level 2.6 Spellcasting
 - Level 3.6 Hexes


You had one spell level left.
You knew the following spells:

 Your Spells              Type           Power        Failure   Level  Hunger
a - Ensorcelled Hibernat  Hex/Ice        #.....       17%         2    ##.....
c - Confuse               Hex            ##......     14%         3    ###....
l - Tukima's Dance        Hex            ##......     14%         3    ###....
r - Corona                Hex            ##.....      4%          1    #......

Inventory:

Hand Weapons
 a - a +1 dagger (weapon)
Armour
 b - a +1 robe (worn)
Jewellery
 f - a +2 ring of strength (left hand)
 i - a ring of flight (right hand)
 k - an uncursed ring of fire
Wands
 m - a wand of confusion (13/48)
Scrolls
 e - 2 scrolls of identify {unknown}
 h - a scroll of enchant weapon {unknown}
 l - 2 scrolls of enchant armour {unknown}
 o - a scroll of blinking {unknown}
Potions
 j - a potion of brilliance {unknown}
 n - a potion of beneficial mutation {unknown}
Books
 c - a book of Maledictions
Comestibles
 d - 2 bread rations
 g - 4 fruits

Dungeon Overview and Level Annotations

Branches:
Dungeon (8/15)               Lair (0/8) D:8
 Temple: D:4-7

Altars:
Xom

Shops:
D:6 }!


Message History

The worker ant barely misses you.
There is a stone staircase leading down here.
The worker ant barely misses you.
You climb downwards.
You hear the hiss of flowing sand.
There is an entrance to an ossuary on this level.
Hurry and find it before the portal is buried!
There is a stone staircase leading up here.
Cast which spell? (? or * to list)
Aiming: Ensorcelled Hibernation
Press: ? - help, Shift-Dir - straight line, f - worker ant
Aim: a worker ant (chance to defeat MR: 49%)
The worker ant looks drowsy...
The helpless worker ant fails to defend itself.
You stick the worker ant like a pincushion!!!
You kill the worker ant!
A sheep comes into view.
A death yak comes into view.
Found a staircase to the Lair.
An elephant comes into view.
A sheep comes into view.
A giant frog comes into view.
The sheep bellows!
The giant frog croaks.
The elephant trumpets!
The sheep bellows!
You hit the sheep but do no damage. The sheep barely misses you.
The death yak gores you!
Ouch! That really hurt!
The sheep closely misses you. The death yak misses you.
The sheep closely misses you. The giant frog closely misses you.
A worker ant comes into view.
The death yak completely misses you. The giant frog closely misses you.
The sheep barely misses you. The giant frog hits you.
The death yak completely misses you. The sheep misses you.
The elephant tramples you!
You die...

#...# #...#
#...# #...#
#...# # #..##
..# #...##...#
###.....###
#..Y@.....#
#..PFYY.PP..#
....P..Y.......
7.......>......
7.....P......P..
.7.#...P.....a.#
7.##.........##
###.....###


You could see a death yak, an elephant, a giant frog, 2 sheep and a worker ant
(wandering).

Action                   |  1- 3 |  4- 6 || total
-------------------------+-------+-------++-------
Melee: Dagger            |    72 |    44 ||   116
 Cast: Ensorcelled Hiber |     1 |     6 ||     7
       Confuse           |       |     2 ||     2
 Stab: Sleeping          |     8 |    12 ||    20
       Confused          |       |     2 ||     2

Notes
Turn   | Place    | Note
--------------------------------------------------------------
     0 | D:1      | Duffy the Spriggan Enchanter began the quest for the Orb.
     0 | D:1      | Reached XP level 1. HP: 9/9 MP: 5/5
   136 | D:2      | Found a faded altar to an unknown god.
   147 | D:2      | Reached skill level 5 in Stealth
   147 | D:2      | Reached XP level 2. HP: 13/13 MP: 6/6
   151 | D:2      | Learned a level 2 spell: Ensorcelled Hibernation
   172 | D:2      | Reached skill level 2 in Short Blades
   277 | D:2      | Found a shimmering altar of Xom.
   277 | D:2      | Found a shimmering altar of Xom.
   278 | D:2      | Found a shimmering altar of Xom.
   279 | D:2      | Found a shimmering altar of Xom.
   280 | D:2      | Found a shimmering altar of Xom.
   281 | D:2      | Found a shimmering altar of Xom.
   282 | D:2      | Found a shimmering altar of Xom.
   283 | D:2      | You fall through a shaft!
   287 | D:3      | Noticed Ijyb
   290 | D:3      | Reached XP level 3. HP: 16/16 MP: 8/8
   295 | D:3      | Killed Ijyb
   295 | D:3      | Reached skill level 6 in Stealth
   320 | D:3      | Learned a level 3 spell: Confuse
   893 | D:3      | Reached skill level 3 in Short Blades
   893 | D:3      | Reached XP level 4. HP: 21/21 MP: 9/9
  1248 | D:4      | Reached skill level 7 in Stealth
  1248 | D:4      | Reached XP level 5. HP: 24/24 MP: 10/10
  1283 | D:4      | Reached skill level 4 in Short Blades
  1310 | D:4      | Noticed a phantom
  1313 | D:4      | Killed a phantom
  1313 | D:4      | Reached skill level 8 in Stealth
  1379 | D:4      | Noticed a phantom
  1397 | D:4      | Killed a phantom
  1397 | D:4      | Reached skill level 5 in Short Blades
  1397 | D:4      | Reached XP level 6. HP: 28/28 MP: 1/11
  1479 | D:4      | Learned a level 3 spell: Tukima's Dance
  1481 | D:5      | Entered Level 5 of the Dungeon
  1833 | D:6      | Found Nomnorank's Gadget Shoppe.
  1845 | D:6      | Found Sutobbutt's Distillery.
  2039 | D:8      | Found a staircase to the Lair.
  2039 | D:8      | Noticed a death yak
  2040 | D:8      | Noticed an elephant
  2048 | D:8      | Slain by an elephant

Vault maps used:
D:1:      minmay_arrival_jagged, serial_forest, infiniplex_forest_lined_1,
          infiniplex_forest_lined_room_, infiniplex_forest_end_2,
          infiniplex_forest_clump_medium, infiniplex_forest_lined_2,
          infiniplex_forest_lined_3, infiniplex_forest_lined_room_3,
          minmay_misc_feat_rows
D:2:      xom_redecorated, ecumenical_altar_1, minmay_misc_feat_diagonals
D:3:      first_bread, st_stairs_10, uniq_iyjb
D:4:      uniq_purgy
D:6:      wad_guarded_room, lemuel_coloured_pillars_altar,
          grunt_temple_overflow_open, minmay_temple_entry_junction,
          serial_shops, shop_coins, nicolae_shop_crystal, shop_fountains
D:7:      cheibriados_altar_wand_db, uniq_prince_ribbit1
D:8:      okawaru_humans, fedhas_bush_and_centaur_altar, david_lair_generic,
          enter_ossuary_2, hangedman_tree_tricks

Vanquished Creatures
  2 phantoms
  A jelly
  A hound
  3 worker ants Ijyb
  An iguana
  3 gnolls
  2 adders
  A shadow imp
  An adder skeleton
  4 orcs
  2 giant cockroaches
  3 goblins
  A hobgoblin
  3 jackals
  A quokka
  A bat
  5 rats
36 creatures vanquished.
